 Dungeon Crawl Stone Soup version 0.28-a0-503-g83f2989fac (webtiles) character file.

Game seed: 7262258777374796535

280 meatgazer the Unbeliever (level 6, -3/48 HPs)
             Began as a Demonspawn Abyssal Knight on Sept 20, 2021.
             Slain by a thrashing horror (12 damage)
             ... created by the touch of Lugonu
             ... on level 4 of the Dungeon.
             The game lasted 00:03:38 (2803 turns).

meatgazer the Unbeliever (DsAK)                     Turns: 2803, Time: 00:03:39

Health: -3/48      AC:  5    Str: 15    XL:     6   Next: 5%
Magic:  0/10       EV: 11    Int: 11    God:
Gold:   111        SH:  0    Dex: 14    Spells: 5/5 levels left

rFire   . . .      SeeInvis .   a - +1 falchion
rCold   . . .      Faith    .   (no shield)
rNeg    . . .      Spirit   +   b - +0 leather armour
rPois   .          Reflect  .   (no helmet)
rElec   .          Harm     .   (no cloak)
rCorr   .          Rampage  .   (no gloves)
Will    .....                   (no boots)
Stlth   +.........              (no amulet)
HPRegen 1.16/turn               d - +4 ring of slaying
MPRegen 0.24/turn               (no ring)

@: no status effects
A: hooves 2, icy blue scales 1, magic shield, magic regeneration, regeneration 1
a: no special abilities


You were on level 4 of the Dungeon.
You visited 1 branch of the dungeon, and saw 4 of its levels.
You visited the Abyss 1 time.

You collected 111 gold pieces.

Inventory:

Hand Weapons
 a - a +1 falchion (weapon)
Armour
 b - a +0 leather armour (worn)
Jewellery
 d - a +4 ring of slaying (left hand)
Scrolls
 c - 3 scrolls of amnesia
 f - a scroll of identify
 j - a scroll of teleportation {unknown}
Potions
 e - a potion of attraction {unknown}
 g - 2 potions of curing {unknown}
 h - a potion of might {unknown}
 i - a potion of heal wounds {unknown}


   Skills:
 + Level 4.2 Fighting
 + Level 3.2 Long Blades
 - Level 1.7 Armour
 - Level 0.8 Dodging
 * Level 6.1 Invocations


You had 5 spell levels left.
You didn't know any spells.
Your spell library contained the following spells:

 Spells                   Type           Power      Damage    Failure   Level
 Slow                     Hex            0%         N/A       54%         2
 Confusing Touch          Hex            0%         N/A       78%         3
 Vampiric Draining        Necr           0%         2d6       78%         3


Dungeon Overview and Level Annotations

Branches:
Dungeon (4/15)
 Temple: D:4-7

Altars:
Okawaru


Innate Abilities, Weirdness & Mutations

You have hoof-like feet.
You are partially covered in icy blue scales. (AC +2)
When hurt, damage is shared between your health and your magic reserves.
You regenerate magic rapidly.
Your natural rate of healing is unusually fast.


Message History

You are too injured to fight recklessly!
You are too injured to fight recklessly!
You barely miss the thrashing horror.
The thrashing horror is moderately damaged.
The thrashing horror tramples you but does no damage.
The thrashing horror barely misses you.
The hobgoblin throws a stone.
The stone hits you. The thrashing horror misses you.
The thrashing horror tramples you.
You hold your ground!
The hobgoblin throws a stone.
The stone hits you.
You slash the thrashing horror!
The thrashing horror is heavily damaged.
The thrashing horror tramples you.
You stumble backwards!
The thrashing horror tramples you!
* * * LOW HITPOINT WARNING * * *
You stumble backwards!
You hit the thrashing horror but do no damage.
The thrashing horror is heavily damaged.
The thrashing horror barely misses you.
The thrashing horror tramples you but does no damage.
The thrashing horror barely misses you.
The thrashing horror closely misses you.
The hobgoblin hits you but does no damage.
You hit the hobgoblin.
The hobgoblin is heavily wounded.
The thrashing horror barely misses you.
The thrashing horror closely misses you.
The hobgoblin hits you.
* * * LOW HITPOINT WARNING * * *
You hit the hobgoblin.
You kill the hobgoblin!
The thrashing horror tramples you!
* * * LOW HITPOINT WARNING * * *
You hold your ground!
The thrashing horror closely misses you.
A quokka comes into view.
Items here: ! ( ? [ †.
You hit the thrashing horror.
The thrashing horror is heavily damaged.
The thrashing horror tramples you!
You die...

#
#.....♣.♣................
#
#..#...♣...#.####.#######
# #............####.#
#..#######.#......# #..#
##...###..#
#..######....# #..#######
.....X..#.#.###.........
..######X##......#######
#@##>###..# #....## ##.#
.......# #># ###...(# #.#
##.##. ..# #.# .. ..# #.#
.. .# #.. ..r


You could see a thrashing horror and a quokka (asleep).

Vanquished Creatures
  An ancient zyme (D:4)
  A small abomination (D:4)
  An ice beast (D:4)
  A phantom (D:4)
  A bullfrog skeleton (D:3)
  3 adders
  2 worms (D:3)
  An orc (D:3)
  4 bats (D:1)
  5 endoplasms
  4 giant cockroaches
  A goblin (D:2)
  6 hobgoblins
  9 jackals
  5 quokkas
  2 ball pythons
  A frilled lizard (D:1)
  2 kobolds
  2 rats (D:1)
52 creatures vanquished.

Notes
Turn   | Place    | Note
-------+----------+-------------------------------------------
     0 | Abyss:1  | meatgazer the Demonspawn Abyssal Knight began the quest for
                  | the Orb.
     0 | Abyss:1  | Reached XP level 1. HP: 18/18 MP: 2/2
    76 | Abyss:1  | Noticed a raiju
    77 | D:1      | Escaped the Abyss
   246 | D:1      | Reached * piety under Lugonu
   441 | D:1      | Reached skill level 3 in Invocations
   445 | D:1      | Gained mutation: You have large cloven feet. [demonic
                  | ancestry]
   445 | D:1      | Reached XP level 2. HP: 7/24 MP: 2/4
  1493 | D:1      | Gained mutation: You tend to lose your temper in combat.
                  | [potion of mutation]
  1493 | D:1      | Gained mutation: Your movements are slightly less
                  | encumbered by armour. (ER -2) [potion of mutation]
  1493 | D:1      | Gained mutation: You sometimes lose the ability to read
                  | scrolls when taking damage. [potion of mutation]
  1493 | D:1      | Gained mutation: You have a pair of small horns on your
                  | head. [potion of mutation]
  1494 | D:1      | Lost mutation: You have a pair of small horns on your head.
                  | [potion of mutation]
  1494 | D:1      | Lost mutation: You sometimes lose the ability to read
                  | scrolls when taking damage. [potion of mutation]
  1494 | D:1      | Lost mutation: You tend to lose your temper in combat.
                  | [potion of mutation]
  1494 | D:1      | Gained mutation: Your magical capacity is low. (-10% MP)
                  | [potion of mutation]
  1537 | D:2      | Gained mutation: You regenerate magic rapidly. [demonic
                  | ancestry]
  1537 | D:2      | Reached XP level 3. HP: 24/29 MP: 5/5
  1591 | D:2      | Found a faded altar of an unknown god.
  1599 | D:2      | Reached skill level 4 in Invocations
  1605 | D:2      | Fell from the grace of Lugonu
  2082 | D:3      | Gained mutation: You are partially covered in icy blue
                  | scales. (AC +2) [demonic ancestry]
  2082 | D:3      | Reached XP level 4. HP: 25/35 MP: 6/6
  2296 | D:4      | Noticed an ice beast
  2302 | D:4      | Killed an ice beast
  2303 | D:4      | Reached skill level 5 in Invocations
  2303 | D:4      | Gained mutation: When hurt, damage is shared between your
                  | health and your magic reserves. [demonic ancestry]
  2303 | D:4      | Reached XP level 5. HP: 28/42 MP: 6/8
  2326 | D:4      | Noticed a phantom
  2338 | D:4      | Killed a phantom
  2339 | D:4      | Reached skill level 6 in Invocations
  2339 | D:4      | Gained mutation: You have hoof-like feet. [demonic
                  | ancestry]
  2339 | D:4      | Reached XP level 6. HP: 32/48 MP: 7/9
  2389 | D:4      | Noticed an ancient zyme
  2397 | D:4      | Killed an ancient zyme
  2696 | D:4      | Noticed a small abomination
  2704 | D:4      | Killed a small abomination
  2713 | D:4      | Lost mutation: Your magical capacity is low. (-10% MP)
                  | [potion of mutation]
  2713 | D:4      | Lost mutation: Your movements are slightly less encumbered
                  | by armour. (ER -2) [potion of mutation]
  2713 | D:4      | Gained mutation: Your natural rate of healing is unusually
                  | fast. [potion of mutation]
  2752 | D:4      | Found an iron altar of Okawaru.
  2789 | D:4      | Noticed a thrashing horror
  2803 | D:4      | Slain by a thrashing horror

Illustrated notes

Levels and vault maps discovered:
D:1:      dpeg_arrival_another_circle, layout_basic, hex_tiny,
          minmay_tree_intersection
D:2:      layout_rooms, basic_ecumenical_altar, uniq_crazy_yiuf_cottage
D:3:      layout_basic
D:4:      layout_loops_ring, okawaru_trees_2, ebering_ghost_rock_garden,
          uniq_menkaure

Skill      XL: |  1  2  3  4  5 |
---------------+----------------+-----
Invocations    | 3 4 5 6 |  6.1
Long Blades    | 2 3 |  3.2
Fighting       | 4 |  4.2
Armour         | |  1.7
Dodging        | |  0.8

Action                   |  1- 3 |  4- 6 || total
-------------------------+-------+-------++-------
Melee: Falchion          |    71 |    52 ||   123
       Kick              |    15 |    15 ||    30
Invok: Depart the Abyss  |     1 |       ||     1
       Renounce Religion |     1 |       ||     1
  Use: Scroll            |     3 |       ||     3
       Potion            |     2 |     1 ||     3
Armor: Leather armour    |    18 |    20 ||    38
Dodge: Dodged            |    58 |    33 ||    91

Table legend: (Time is in decaauts)
 A = Elapsed time spent in this place.
 B = Non-inter-level travel time spent in this place.
 C = Inter-level travel time spent in this place.
 D = Time resting spent in this place.
 E = Time spent auto-exploring this place.
 F = Levels seen in this place.
 G = Mean time per level.
                   A        B        C        D        E       F      G
               +--------+--------+--------+--------+--------+-----+--------+
         Total |   2823 |   2774 |     49 |    713 |   1756 |   5 |  564.6 |
       Dungeon |   2746 |   2697 |     49 |    713 |   1683 |   4 |  686.5 |
         Abyss |     77 |     77 |      0 |      0 |     73 |   1 |   77.0 |
               +--------+--------+--------+--------+--------+-----+--------+

Top non-repeatable levels by time:
     D:1: 1462 daAuts
     D:4: 511 daAuts
     D:2: 425 daAuts
     D:3: 347 daAuts
 Abyss:1: 77 daAuts
